 Dungeon Crawl Stone Soup version 0.29-a0-284-gf9362112df (webtiles) character file.

Game seed: 14943764146073264412

51 being54 the Cudgeller (level 3, -3/23 HPs)
             Began as a Gargoyle Fighter on Mar 21, 2022.
             Slain by a scorpion (5 damage)
             ... on level 3 of the Dungeon.
             The game lasted 00:03:21 (2372 turns).

being54 the Cudgeller (Gargoyle Fighter)            Turns: 2372, Time: 00:03:22

Health: -3/23      AC: 10    Str: 21    XL:     3   Next: 83%
Magic:  3/3        EV:  9    Int:  8    God:
Gold:   126        SH:  4    Dex:  9    Spells: 2/2 levels left

rFire   . . .      SeeInvis .   a - +0 flail
rCold   . . .      Faith    .   c - +0 buckler
rNeg    + . .      Spirit   .   b - +0 scale mail
rPois   ∞          Reflect  .   (no helmet)
rElec   +          Harm     .   (no cloak)
rCorr   .          Rampage  .   (no gloves)
Will    .....                   (no boots)
Stlth   ..........              (no amulet)
HPRegen 0.07/turn               (no ring)
MPRegen 0.08/turn               (no ring)

@: no status effects
A: sickness immunity, AC +3, negative energy resistance 1, electricity
resistance, torment resistance 1, petrification resistance
a: no special abilities


You were on level 3 of the Dungeon.
You visited 1 branch of the dungeon, and saw 3 of its levels.

You collected 126 gold pieces.

Inventory:

Hand Weapons
 a - a +0 flail (weapon)
Armour
 b - a +0 scale mail (worn)
 c - a +0 buckler (worn)
Wands
 j - a wand of polymorph (8)
Scrolls
 e - a scroll of immolation
 k - a scroll of magic mapping
 l - a scroll of identify
Potions
 d - a potion of might
 g - a potion of ambrosia {unknown}
 h - a potion of degeneration {unknown}
 i - 2 potions of heal wounds {unknown}


   Skills:
 - Level 3.3 Fighting
 + Level 3.9 Maces & Flails
 - Level 3.3 Armour
 - Level 3.3 Shields


You had 2 spell levels left.
You didn't know any spells.
Your spell library contained the following spells:

 Spells                   Type           Power      Damage    Failure   Level
 Tukima's Dance           Hex            0%         N/A       99%         3
 Anguish                  Hex/Necr       0%         N/A       100%        4
 Enfeeble                 Hex            0%         N/A       100%        7


Dungeon Overview and Level Annotations

Branches:
Dungeon (3/15)

Altars:

Shops:
D:3 !


Innate Abilities, Weirdness & Mutations

You are immune to sickness and miasma.
Your stone body is resilient. (AC +3)
You are immune to poison.
You resist negative energy. (rN+)
You are resistant to electric shocks. (rElec)
You are resistant to unholy torment.
You are immune to petrification.


Message History

The scorpion stings you but does no damage.
You barely miss the scorpion.
The scorpion is heavily wounded.
The scorpion stings you.
* * * LOW HITPOINT WARNING * * *
You feel better. You block the scorpion's attack.
You closely miss the scorpion.
The scorpion is heavily wounded.
The kobold shouts!
You block the scorpion's attack.
The scorpion stings you but does no damage.
You hit the scorpion.
The scorpion is almost dead.
The scorpion stings you but does no damage.
A jackal comes into view.
The jackal barks!
You hit the scorpion but do no damage.
The scorpion is almost dead.
The scorpion stings you but does no damage. x2
You hit the scorpion but do no damage.
The scorpion is almost dead.
A jackal comes into view.
The scorpion stings you.
* * * LOW HITPOINT WARNING * * *
The jackal barks!
You hit the scorpion but do no damage.
The scorpion is almost dead.
You hear an angry hiss.
An adder comes into view.
The scorpion stings you but does no damage.
The scorpion stings you.
* * * LOW HITPOINT WARNING * * *
The adder moves out of view.
You barely miss the scorpion.
The scorpion is almost dead.
You block the scorpion's attack.
You hit the scorpion but do no damage.
The scorpion is almost dead.
The scorpion barely misses you. The scorpion stings you.
You die...

#.# #..# #####
#.#####..#####
#............#
####.#########
. #.## .. #..#
... ##.# ....
#.# ....g #@#
./.[J.#s#
......hr#
......hg#
......###
...... .....?
..... ....#


You could see a scorpion, a quokka, 2 jackals and a goblin.

Vanquished Creatures
  An ufetubus (D:2)
  A bat (D:1)
  7 endoplasms
  A giant cockroach (D:1)
  3 goblins
  2 hobgoblins
  5 jackals (D:2)
  5 quokkas
  8 ball pythons
  6 kobolds
  3 rats
42 creatures vanquished.

Notes
Turn   | Place    | Note
-------+----------+-------------------------------------------
     0 | D:1      | being54 the Gargoyle Fighter began the quest for the Orb.
     0 | D:1      | Reached XP level 1. HP: 14/14 MP: 1/1
   233 | D:1      | Reached XP level 2. HP: 18/19 MP: 2/2
   916 | D:1      | Reached XP level 3. HP: 17/23 MP: 3/3
  1931 | D:2      | Found a faded altar of an unknown god.
  2287 | D:3      | Found Yhoucez's Distillery.
  2330 | D:3      | Noticed a scorpion
  2372 | D:3      | Slain by a scorpion

Illustrated notes

Levels and vault maps discovered:
D:1:      lightli_arrival_chessboard, layout_basic, minmay_misc_feat_tiny,
          minmay_tetromino_i2
D:2:      layout_basic, shapermc_ecumenical_altar_acropolis, minmay_tall_x
D:3:      kennysheep_big_flooded_room, layout_basic, serial_shops,
          nicolae_shop_hallway_stairs, grunt_ministairs_12,
          corexii_corridor_pit, st_stairs_5, mrwooster_statue_mirror,
          minmay_misc_feat_columns, uniq_robin

Skill      XL: |  1  2 |
---------------+-------+-----
Maces & Flails | 3 |  3.9
Fighting       | |  3.3
Armour         | |  3.3
Shields        | |  3.3

Action                   || total
-------------------------++-------
Melee: Flail             ||   148
  Use: Scroll            ||     5
       Potion            ||     2
Armor: Scale mail        ||   100
Dodge: Dodged            ||    99
Block: Buckler           ||    30

Table legend: (Time is in decaauts)
 A = Elapsed time spent in this place.
 B = Non-inter-level travel time spent in this place.
 C = Inter-level travel time spent in this place.
 D = Time resting spent in this place.
 E = Time spent auto-exploring this place.
 F = Levels seen in this place.
 G = Mean time per level.
                   A        B        C        D        E       F      G
               +--------+--------+--------+--------+--------+-----+--------+
         Total |   2413 |   2338 |     75 |      0 |   1999 |   3 |  804.3 |
       Dungeon |   2413 |   2338 |     75 |      0 |   1999 |   3 |  804.3 |
               +--------+--------+--------+--------+--------+-----+--------+

Top non-repeatable levels by time:
     D:1: 1331 daAuts
     D:2: 988 daAuts
     D:3: 93 daAuts
